 Dungeon Crawl Stone Soup version 0.31-a0-222-gefeffbb62a (webtiles) character file.

Game seed: 4478797989939970811

2002 qw the Cleaver (level 9, -5/56 HPs)
             Began as a Gargoyle Fighter on July 5, 2023.
             Killed by divine providence
             ... invoked by an orc priest
              (14 damage)
             ... on level 7 of the Dungeon.
             The game lasted 00:03:05 (6261 turns).

qw the Cleaver (Gargoyle Fighter)                   Turns: 6261, Time: 00:03:05

Health: -5/56      AC: 21    Str: 24    XL:     9   Next: 22%
Magic:  9/9        EV:  6    Int:  9    God:
Gold:   226        SH:  4    Dex:  9    Spells: 8/8 levels left

rFire   . . .        Y - +2 war axe
rCold   + . .        c - +0 buckler
rNeg    + . .        t - +0 plate armour
rPois   inf          j - +0 helmet
rElec   +            (no cloak)
rCorr   .            q - +0 pair of gloves
SInv    +            (no boots)
Will    .....        (no amulet) Stlth
                     p - ring of see invisible
HPRegen 0.29/turn    o - ring of protection from cold
MPRegen 0.11/turn

%: no passive effects
@: no status effects
A: sickness immunity, AC +6, negative energy resistance 1, electricity
resistance, torment resistance 1, petrification resistance
a: no special abilities


You were on level 7 of the Dungeon.
You visited 1 branch of the dungeon, and saw 7 of its levels.
You also visited: Sewer.

You collected 336 gold pieces.
You spent 110 gold pieces at shops.


Innate Abilities, Weirdness & Mutations

You are immune to sickness and miasma.
Your stone body is resilient. (AC +6)
You are immune to poison.
You resist negative energy. (rN+)
You are resistant to electric shocks. (rElec)
You are resistant to unholy torment.
You are immune to petrification.


   Skills:
 - Level 6.3 Fighting
 - Level 9.0 Axes
 - Level 1.3 Throwing
 + Level 5.0 Armour
 - Level 1.0 Dodging
 - Level 4.0 Shields


You had 8 spell levels left.
You didn't know any spells.
Your spell library was empty.

Inventory:

Hand Weapons
 b - a +0 flail
 g - a +3 flail of draining
 Y - a +2 war axe (weapon)
Armour
 c - a +0 buckler (worn)
 j - a +0 helmet (worn)
 q - a +0 pair of gloves (worn)
 t - a +0 plate armour (worn)
Jewellery
 o - a ring of protection from cold (right hand)
 p - a ring of see invisible (left hand)
Scrolls
 f - a scroll of identify
Potions
 a - 4 potions of curing
 d - a potion of might
 e - a potion of magic
 h - 2 potions of resistance
 l - a potion of enlightenment
 r - a potion of haste
 s - a potion of mutation {unknown}

Dungeon Overview and Level Annotations

Branches:
Dungeon (7/15)              Sewer (visited)
 Temple: D:4-7

Altars:
Dithmenos
Elyvilon
Gozag
Nemelex Xobeh
Ru
Uskayaw
Xom

Shops:
D:4 *   D:5 (

Annotations:
D:4 2 runed translucent doors


Message History

The orc warrior hits you but does no damage.
You barely miss the orc warrior.
The orc warrior is heavily wounded.
The orc hits you but does no damage.
The orc priest looks satisfied for a moment.
You block the orc warrior's attack. The orc closely misses you.
You slice the orc warrior!!
The orc warrior is almost dead.
The orc warrior hits you but does no damage.
The orc hits you but does no damage.
You closely miss the orc warrior.
The orc warrior is almost dead.
The orc warrior hits you but does no damage.
The orc barely misses you.
You closely miss the orc warrior.
The orc warrior is almost dead.
The orc warrior hits you but does no damage.
The orc hits you but does no damage.
You hit the orc warrior.
The orc warrior is almost dead.
The orc warrior hits you but does no damage.
The orc hits you but does no damage.
You hit the orc warrior but do no damage.
The orc warrior is almost dead.
The orc warrior hits you with a +0 mace!
The orc hits you from afar with a +0 trident.
You barely miss the orc warrior.
The orc warrior is almost dead.
The orc warrior hits you but does no damage.
The orc hits you but does no damage.
You closely miss the orc warrior.
The orc warrior is almost dead.
The orc warrior hits you but does no damage.
The orc barely misses you.
You slash the orc warrior!
You kill the orc warrior!
The orc hits you from afar with a +0 trident.
The orc priest calls down the wrath of Beogh upon you.
Beogh smites you!
You die...

..( ... .. .. #
#. #.. #.
..(..#)###
....oo<@.####
.....o##....####
..... #####....#
.... #........#
... #........#
.. #...>....# .
#........####
#............
.##........###


You could see an orc priest and 2 orcs.

Vanquished Creatures
  Prince Ribbit (D:6)
  Sigmund (D:4)
  Edmund (D:6)
  A water moccasin (D:7)
  An orc warrior (D:7)
  2 ice beasts (D:6)
  2 black bears (D:6)
  An ogre (D:4)
  A phantom (D:6)
  A kobold brigand (Sewer)
  A bullfrog (D:6)
  2 scorpions
  A killer bee (D:7)
  A hound (D:6)
  2 jellies
  Jessica (D:2)
  Ijyb (D:5)
  An iguana (D:5)
  4 orc wizards
  7 gnolls
  8 adders
  6 river rats (Sewer)
  A white imp (D:5)
  An ufetubus (D:5)
  3 worms
  2 dart slugs
  11 orcs
  11 endoplasms
  A giant cockroach (D:1)
  2 hobgoblins
  10 jackals
  6 quokkas
  10 ball pythons
  6 bats
  5 frilled lizards
  8 goblins
  17 kobolds
  25 rats
166 creatures vanquished.

Notes
Turn   | Place    | Note
-------+----------+-------------------------------------------
     0 | D:1      | qw the Gargoyle Fighter began the quest for the Orb.
     0 | D:1      | Reached XP level 1. HP: 14/14 MP: 1/1
     0 | D:1      | 0 ||| qw: Version: 0.3-a-46-gb1f654a
     0 | D:1      | 0 ||| qw: Game counter: 1066
     0 | D:1      | 0 ||| qw: Melee chars always use a shield: true
     0 | D:1      | 0 ||| qw: God list: Okawaru
     0 | D:1      | 0 ||| qw: Allow faded altars: false
     0 | D:1      | 0 ||| qw: Do Orc after clearing Dungeon:15 true
     0 | D:1      | 0 ||| qw: Do second Lair branch before Depths: true
     0 | D:1      | 0 ||| qw: Lair rune preference: random
     0 | D:1      | 0 ||| qw: Goals: Normal, Zot:1-4, Slime:5, God:TSO, Crypt,
                  | Tomb, Abyss, Pan, Hells, Win
     0 | D:1      | 0 ||| PLANNING D:1-11
   113 | D:1      | Reached skill level 2 in Axes
   155 | D:1      | 155 ||| Stepping ~*~*~tactically~*~*~ (stealth).
   161 | D:1      | Reached XP level 2. HP: 19/19 MP: 2/2
   377 | D:1      | 377 ||| DROPPING +0 club.
   529 | D:1      | Reached skill level 3 in Axes
   662 | D:1      | Reached XP level 3. HP: 23/23 MP: 3/3
   719 | D:1      | 719 ||| READING scroll labelled FANGOP ZOPAPN.
   720 | D:1      | 720 ||| DRINKING 2 puce potions.
   974 | D:2      | HP: 1/23 [gnoll/+0 halberd (8)]
   975 | D:2      | Reached XP level 4. HP: 2/28 MP: 4/4
   975 | D:2      | 975 ||| DRINKING potion of heal wounds.
   979 | D:2      | Reached skill level 4 in Axes
  1196 | D:2      | Noticed Jessica
  1199 | D:2      | Killed Jessica
  1344 | D:2      | Reached XP level 5. HP: 27/32 MP: 5/5
  1667 | D:2      | 1667 ||| Stepping ~*~*~tactically~*~*~ (stealth).
  2001 | D:2      | Found a hide-covered altar of Uskayaw.
  2046 | D:2      | 2046 ||| READING 2 scrolls labelled LAUF TUBBO.
  2047 | D:2      | 2047 ||| READING scroll of enchant weapon.
  2047 | D:2      | 2047 ||| ENCHANTING +1 war axe.
  2048 | D:2      | 2048 ||| READING scroll labelled GOWYDGH ATEGRAN.
  2049 | D:2      | 2049 ||| READING scroll labelled HAINNE NIAVUE.
  2087 | D:3      | 2087 ||| Stepping ~*~*~tactically~*~*~ (stealth).
  2110 | D:3      | 2110 ||| Stepping ~*~*~tactically~*~*~ (hiding).
  2111 | D:3      | 2111 ||| Stepping ~*~*~tactically~*~*~ (hiding).
  2267 | D:3      | Reached skill level 5 in Axes
  2346 | D:3      | Found a sacrificial altar of Ru.
  2568 | D:3      | You fall into a shaft and drop 2 floors!
  2568 | D:5      | Entered Level 5 of the Dungeon
  2603 | D:5      | Noticed Ijyb
  2604 | D:5      | 2604 ||| Stepping ~*~*~tactically~*~*~ (hiding).
  2622 | D:5      | Killed Ijyb
  2716 | D:4      | Reached XP level 6. HP: 38/38 MP: 6/6
  2746 | D:4      | Reached skill level 1 in Dodging
  2801 | D:4      | Found Teteck's General Store.
  2808 | D:4      | 2808 ||| BUYING potion of enlightenment (55 gold).
  2808 | D:4      | Bought a potion of enlightenment for 55 gold pieces
  2808 | D:4      | 2808 ||| BUYING potion of heal wounds (55 gold).
  2808 | D:4      | Bought a potion of heal wounds for 55 gold pieces
  2808 | D:4      | 2808 ||| SHOPLISTING scroll of teleportation (33 gold, have
                  | 29).
  2835 | D:4      | Found a large runed translucent door.
  2836 | D:4      | Found a large runed translucent door.
  2847 | D:4      | Found a white marble altar of Elyvilon.
  3186 | D:4      | 3186 ||| DROPPING +3 leather armour of fire resistance.
  3187 | D:4      | 3187 ||| UPGRADING to +0 helmet.
  3192 | D:4      | 3192 ||| UPGRADING to +0 chain mail.
  3202 | D:4      | 3202 ||| DROPPING +0 scale mail.
  3203 | D:4      | 3203 ||| UPGRADING to ring of see invisible.
  3204 | D:4      | 3204 ||| READING scroll labelled TUAKYSM VUMM.
  3205 | D:4      | 3205 ||| DRINKING 3 viscous white potions.
  3250 | D:3      | 3250 ||| Stepping ~*~*~tactically~*~*~ (stealth).
  3291 | D:3      | Found an opulent altar of Gozag.
  3291 | D:3      | Found a sparkling altar of Nemelex Xobeh.
  3493 | D:4      | Reached skill level 6 in Axes
  3493 | D:4      | Reached XP level 7. HP: 43/43 MP: 7/7
  3532 | D:4      | 3532 ||| Stepping ~*~*~tactically~*~*~ (stealth).
  3533 | D:4      | 3533 ||| Stepping ~*~*~tactically~*~*~ (stealth).
  3685 | D:4      | Noticed Sigmund
  3694 | D:4      | Killed Sigmund
  3784 | D:5      | 3784 ||| Stepping ~*~*~tactically~*~*~ (hiding).
  3785 | D:5      | 3785 ||| Stepping ~*~*~tactically~*~*~ (hiding).
  3787 | D:5      | 3787 ||| Stepping ~*~*~tactically~*~*~ (hiding).
  3801 | D:5      | Reached skill level 7 in Axes
  3858 | D:5      | Found Tulystra's Firing Range.
  4126 | D:5      | Reached skill level 1 in Throwing
  4172 | D:5      | Found a hide-covered altar of Uskayaw.
  4174 | D:5      | Found a shimmering altar of Xom.
  4340 | D:5      | 4340 ||| Stepping ~*~*~tactically~*~*~ (stealth).
  4341 | D:5      | 4341 ||| Stepping ~*~*~tactically~*~*~ (stealth).
  4431 | D:5      | 4431 ||| UPGRADING to +0 pair of gloves.
  4436 | D:5      | 4436 ||| UPGRADING to ring of protection from cold.
  4437 | D:5      | 4437 ||| READING scroll labelled HUILIRIEHU.
  4438 | D:5      | 4438 ||| READING scroll labelled PAOVVUNOOH.
  4439 | D:5      | 4439 ||| READING 4 scrolls of identify.
  4439 | D:5      | 4439 ||| IDENTIFYING fuming grey potion
  4440 | D:5      | 4440 ||| READING 3 scrolls of identify.
  4440 | D:5      | 4440 ||| IDENTIFYING blue potion
  4441 | D:5      | 4441 ||| READING 2 scrolls of identify.
  4441 | D:5      | 4441 ||| IDENTIFYING fuming dark potion
  4442 | D:5      | 4442 ||| DROPPING potion of brilliance.
  4443 | D:5      | 4443 ||| DROPPING potion of invisibility.
  4468 | D:6      | 4468 ||| PLANNING SEWER
  4477 | D:6      | 4477 ||| Stepping ~*~*~tactically~*~*~ (stealth).
  4478 | D:6      | 4478 ||| Stepping ~*~*~tactically~*~*~ (stealth).
  4479 | D:6      | 4479 ||| Stepping ~*~*~tactically~*~*~ (stealth).
  4615 | D:6      | Found a glowing drain.
  4616 | D:6      | 4616 ||| READING scroll labelled BUNGETU XEICUA.
  4620 | D:6      | 4620 ||| Stepping randomly (stuck).
  4662 | Sewer    | Entered a sewer
  4771 | Sewer    | Reached XP level 8. HP: 46/49 MP: 8/8
  4977 | Sewer    | 4977 ||| Stepping ~*~*~tactically~*~*~ (stealth).
  4978 | Sewer    | 4978 ||| Stepping ~*~*~tactically~*~*~ (stealth).
  5102 | Sewer    | 5102 ||| READING scroll labelled KAREQY ELU.
  5205 | Sewer    | 5205 ||| DRINKING 2 emerald potions.
  5243 | D:6      | 5243 ||| PLANNING D:1-11
  5464 | D:6      | Noticed Prince Ribbit
  5474 | D:6      | HP: 6/49 [Prince Ribbit (10)]
  5475 | D:6      | 5475 ||| DRINKING 3 potions of heal wounds.
  5479 | D:6      | HP: 5/49 [Prince Ribbit (12)]
  5480 | D:6      | 5480 ||| DRINKING 2 potions of heal wounds.
  5483 | D:6      | Killed Prince Ribbit
  5484 | D:6      | Reached skill level 8 in Axes
  5770 | D:6      | Found a shadowy altar of Dithmenos.
  5824 | D:6      | Noticed Edmund
  5838 | D:6      | Killed Edmund
  5845 | D:6      | Reached skill level 6 in Fighting
  5861 | D:6      | 5861 ||| DROPPING +0 mace.
  5921 | D:6      | Reached XP level 9. HP: 52/56 MP: 9/9
  6082 | D:6      | Reached skill level 9 in Axes
  6158 | D:6      | 6158 ||| UPGRADING to +0 plate armour.
  6168 | D:6      | 6168 ||| DROPPING +0 chain mail.
  6169 | D:6      | 6169 ||| READING scroll labelled VAHAICEICW.
  6170 | D:6      | 6170 ||| READING 2 scrolls of identify.
  6170 | D:6      | 6170 ||| IDENTIFYING white potion
  6246 | D:7      | HP: 14/56 [orc warrior/+0 mace (8)]
  6247 | D:7      | 6247 ||| DRINKING potion of heal wounds.
  6258 | D:7      | HP: 12/56 [orc/+0 trident (3)]
  6261 | D:7      | Killed from afar by an orc priest

Levels and vault maps discovered:
D:1:      dpeg_chamrin_arrival_tetris, layout_basic, dk_noncrumbling_3
D:2:      layout_basic, basic_altar, uniq_jessica
D:3:      layout_basic, grunt_temple_overflow_opulence,
          mainiacjoe_overflow_small_starburst
D:4:      layout_basic, jmf_multi_god_temple2, elyvilon_altar_5, serial_shops,
          shop, bh_walls_and_bars, uniq_sigmund
D:5:      layout_loops_ring, mainiacjoe_overflow_divided_tiny,
          nicolae_shop_firing_range, uniq_ijyb
D:6:      layout_loops_corners, general_overflow_altar,
          cheibrodos_sewer_entry_bend, uniq_edmund, uniq_prince_ribbit1
D:7:      layout_rooms, minmay_temple_entry_poolview

Skill      XL: |  1  2  3  4  5  6  7  8  9 |
---------------+----------------------------+-----
Axes           | 2 3 4 5 6 7 8 9 |  9.0
Fighting       | 4 5 6 |  6.3
Dodging        | 1 |  1.0
Throwing       | 1 |  1.3
Armour         | 4 5 |  5.0
Shields        | 4 |  4.0

Action                     |  1- 3 |  4- 6 |  7- 9 || total
---------------------------+-------+-------+-------++-------
  Melee: War axe           |    80 |   160 |   214 ||   454
  Throw: Boomerang         |       |       |    40 ||    40
         Javelin           |       |       |    15 ||    15
    Use: Potion            |     1 |     2 |     4 ||     7
         Scroll            |     1 |     5 |     9 ||    15
 Armour: Scale mail        |    24 |    82 |       ||   106
         Chain mail        |       |     9 |    95 ||   104
         Plate armour      |       |       |    51 ||    51
  Dodge: Dodged            |    50 |    64 |    58 ||   172
  Block: Buckler           |    12 |    27 |    41 ||    80

Table legend:
 A = Non-vault XP
 B = Vault XP
 C = Vault XP percentage of total XP
 D = Non-vault monster count
 E = Vault monster count
 F = Vault count percentage of total count
                 A         B        C        D         E       F
            +---------+---------+-------+---------+---------+-------
      Total |    2016 |     986 |  32.8 |     119 |      47 |  28.3
            +---------+---------+-------+---------+---------+-------
        D:1 |      34 |       0 |   0.0 |      23 |       0 |   0.0
        D:2 |     143 |      37 |  20.6 |      33 |       1 |   2.9
        D:3 |      76 |       0 |   0.0 |      16 |       0 |   0.0
        D:4 |     292 |     239 |  45.0 |      13 |       1 |   7.1
        D:5 |     163 |      36 |  18.1 |      13 |       1 |   7.1
        D:6 |     800 |     449 |  35.9 |      11 |       3 |  21.4
        D:7 |     508 |       0 |   0.0 |      10 |       0 |   0.0
      Sewer |       0 |     225 | 100.0 |       0 |      41 | 100.0
            +---------+---------+-------+---------+---------+-------
